 Dungeon Crawl Stone Soup version 0.30-a0-782-ge64f9170bb (webtiles) character file.

Game seed: 1138377948544015051

8485 tilp the Carver (level 11, -6/89 (99) HPs)
             Began as a Meteoran Fighter on Mar 11, 2023.
             Was an Initiate of Okawaru.
             Mangled by Josephine
             ... wielding a +3 dagger of speed
              (8 damage)
             ... on level 10 of the Dungeon.
             The game lasted 00:23:53 (5044 turns).

tilp the Carver (Meteoran Fighter)                  Turns: 5044, Time: 00:23:54

HP:   -6/89 (99)    AC: 15    Str: 20    XL:     11   Next: 86%
MP:   12/12         EV: 13    Int:  9    God:    Okawaru [......]
Gold: 83            SH:  6    Dex: 23    Spells: 10/10 levels left

rFire   . . .      SeeInvis +    a - +0 long sword
rCold   . . .      Faith    .    c - +0 buckler
rNeg    . . .      Spirit   .    D - +3 chain mail of Blue Skies {Regen+ SInv}
rPois   .          Reflect  .    r - +0 helmet
rElec   .          Harm     .    (no cloak)
rCorr   .          Rampage  .    f - +0 pair of gloves
Will    +....                    (no boots) Stlth
                                 (no amulet)
HPRegen 1.14/turn                g - +6 ring of dexterity
MPRegen 0.13/turn                (no ring)

@: about to teleport, slowed, glowing, heavily drained, very slow
A: sense surroundings 2, otherworldly, glowing, explore regen
a: Renounce Religion


You were on level 10 of the Dungeon.
You worshipped Okawaru.
Okawaru was noncommittal.
You visited 2 branches of the dungeon, and saw 12 of its levels.

You collected 578 gold pieces.
You spent 495 gold pieces at shops.

Inventory:

Hand Weapons
 a - a +0 long sword (weapon)
 b - a +0 falchion of freezing
 h - a +1 dagger of draining
 i - a +2 dagger of protection
 t - a +0 short sword of venom
 x - a +4 dagger
Missiles
 j - 23 poisoned darts (quivered)
 l - 3 boomerangs
 s - 7 javelins
 A - a throwing net
Armour
 c - a +0 buckler (worn)
 f - a +0 pair of gloves (worn)
 r - a +0 helmet (worn)
 D - the +3 chain mail of Blue Skies (worn) {Regen+ SInv}
   (You bought it in a shop on level 10 of the Dungeon)

   SInv:      It lets you see invisible.
   Regen:     It increases your rate of health regeneration.
Jewellery
 g - a +6 ring of dexterity (left hand)
Wands
 y - a wand of paralysis (7)
 B - a wand of iceblast (1)
Scrolls
 k - 2 scrolls of magic mapping
 m - a scroll of teleportation
 q - 3 scrolls of immolation
 u - a scroll of enchant weapon
 w - 3 scrolls of identify
 C - a scroll of vulnerability
Potions
 d - a potion of attraction
 n - 4 potions of mutation
 o - a potion of cancellation
 p - a potion of berserk rage
 v - 2 potions of haste
 z - a potion of curing


   Skills:
 - Level 10.0 Fighting
 * Level 13.5 Long Blades
 - Level 4.0 Throwing
 - Level 6.0 Armour
 + Level 9.0 Dodging
 - Level 4.0 Shields
 - Level 4.0 Evocations


You had 10 spell levels left.
You didn't know any spells.
Your spell library was empty.

Dungeon Overview and Level Annotations

Branches:
Dungeon (11/15) Zot: 1612  Temple (1/1) D:5 Zot: 532    Lair (0/5) D:10
    Orc (0/2) D:11

Altars:
Ashenzari
Cheibriados
Dithmenos
Elyvilon
Fedhas
Gozag
Hepliaklqana
Kikubaaqudgha
Makhleb
Nemelex Xobeh
Okawaru
Qazlal
Ru
Sif Muna
Trog
Uskayaw
Vehumet
Wu Jian
Xom
Yredelemnul
Zin
The Shining One

Shops:
D:10 [*

Annotations:
D:4 1 runed translucent door, Crazy Yiuf
D:6 1 runed translucent door, QuickerDeath's ghost, novice DEEE
D:9 2 transporters, jujucrawl's ghost, novice TrGl
D:10 Josephine


Innate Abilities, Weirdness & Mutations

You passively map the area around you.
You are easily found by Zot.
You glow in the dark.
You regain HP and MP as you explore.


Message History

Josephine casts a spell at you.
The ghostly flame explodes!
The ghostly fireball engulfs you!
You feel drained.
* * * LOW HITPOINT WARNING * * *
The ghostly fireball engulfs Josephine.
Josephine completely resists.
The ghostly fireball engulfs the wraith.
The wraith completely resists.
Josephine hits you with a +3 dagger of speed!
* * * LOW HITPOINT WARNING * * *
You hit Josephine.
Josephine is lightly wounded.
Josephine grinds her teeth.
Josephine hits you with a +3 dagger of speed.
* * * LOW HITPOINT WARNING * * *
The wraith hits you but does no damage.
You slash the wraith!
You destroy the wraith!
Okawaru accepts your kill.
Josephine hits you with a +3 dagger of speed.
* * * LOW HITPOINT WARNING * * *
You block Josephine's attack. The wraith hits you but does no damage.
Your Dodging skill increases to level 9!
You hit Josephine.
Josephine is lightly wounded.
Josephine screams, "I'll use your head as a decoration in my hut!"
Josephine hits you but does no damage. The wraith hits you.
* * * LOW HITPOINT WARNING * * *
Unknown command.
As you read the scroll of teleportation, it crumbles to dust.
You feel strangely unstable.
Josephine points at you and mumbles some strange words.
The ghostly flame explodes!
The ghostly fireball engulfs you!
You feel drained.
* * * LOW HITPOINT WARNING * * *
The ghostly fireball engulfs Josephine.
Josephine completely resists.
The ghostly fireball engulfs the wraith.
The wraith completely resists.
The wraith hits you!
* * * LOW HITPOINT WARNING * * *
The wraith drains your vigour!
You feel as though you will be slow longer.
Josephine hits you with a +3 dagger of speed!
You die...

* , , ,
#..#* * ,
#..# * ,
, #..# *
* ** #..#
,* #.W# *
* #WW#
#..# *,
#@W#
#..### *
#.@#
#.... ,,
#..# #...
,, , #..#
#..# * *
#..# #..#
* *
#..###..#
*,
#.......#
,
#.......#
#.####..#
* #. #:.#
,


You could see Josephine and 4 wraiths.

Vanquished Creatures
  3 two-headed ogres
  A gargoyle (D:10)
  A kobold demonologist (D:9)
  Prince Ribbit (D:5)
  A hornet (D:7)
  2 shadows (D:10)
  A vampire (D:6)
  A wraith (D:10)
  4 steam dragons
  3 yaks (D:8)
  Menkaure (D:4)
  3 water moccasins
  An orc warrior (D:10)
  2 ice beasts
  A sky beast (D:7)
  3 black bears
  An ogre (D:6)
  2 centaurs
  A phantom (D:6)
  Blork the orc (D:6)
  3 kobold brigands
  3 bullfrogs
  3 gnoll sergeants
  3 scorpions
  2 necrophages (D:4)
  7 wights
  15 killer bees
  4 hounds
  3 orc priests (D:4)
  A gnoll bouda (D:10)
  2 jellies (D:5)
  3 iguanas
  Natasha (twice) (D:4)
  9 orc wizards
  14 gnolls
  12 adders
  2 white imps (D:5)
  2 worms
  36 orcs
  2 bats (D:3)
  5 endoplasms
  2 giant cockroaches (D:4)
  2 goblins
  3 hobgoblins
  2 quokkas
  A frilled lizard (D:1)
  10 kobolds
  5 rats
192 creatures vanquished.

Vanquished Creatures (others)
  5 fungi (D:4)
5 creatures vanquished.

Grand Total: 197 creatures vanquished

Notes
Turn   | Place    | Note
-------+----------+-------------------------------------------
     0 | D:1      | tilp the Meteoran Fighter began the quest for the Orb.
     0 | D:1      | Reached XP level 1. HP: 19/19 MP: 2/2
    69 | D:4      | Noticed Natasha
    77 | D:4      | Killed Natasha
    78 | D:4      | Reached skill level 3 in Long Blades
    78 | D:4      | Reached skill level 1 in Dodging
    78 | D:4      | Reached XP level 2. HP: 13/26 MP: 3/3
    78 | D:4      | Reached XP level 3. HP: 16/31 MP: 4/4
   270 | D:3      | Reached XP level 4. HP: 11/40 MP: 5/5
   281 | D:3      | Reached skill level 4 in Long Blades
   330 | D:4      | Noticed a necrophage
   344 | D:4      | Killed a necrophage
   345 | D:4      | Reached skill level 5 in Long Blades
   345 | D:4      | Reached XP level 5. HP: 26/46 MP: 6/6
   876 | D:5      | Entered Level 5 of the Dungeon
   884 | D:5      | Reached skill level 6 in Long Blades
   884 | D:5      | Reached XP level 6. HP: 49/52 MP: 7/7
  1034 | D:4      | Reached skill level 1 in Throwing
  1034 | D:4      | Reached XP level 7. HP: 40/60 MP: 8/8
  1165 | D:4      | Reached skill level 5 in Fighting
  1185 | D:4      | Noticed Menkaure
  1196 | D:4      | Killed Menkaure
  1197 | D:4      | Reached skill level 7 in Long Blades
  1197 | D:4      | Reached XP level 8. HP: 14/69 MP: 9/9
  1225 | D:4      | Noticed Natasha
  1232 | D:4      | Killed Natasha
  1254 | D:4      | Found a runed translucent door.
  1255 | D:4      | Noticed Crazy Yiuf
  1325 | D:6      | Found a shimmering blue altar of Sif Muna.
  1326 | D:6      | Found a hazy altar of Hepliaklqana.
  1326 | D:6      | Found a blossoming altar of Fedhas.
  1351 | D:6      | Found a hide-covered altar of Uskayaw.
  1352 | D:6      | Found a glowing silver altar of Zin.
  1388 | D:5      | Found a sparkling altar of Nemelex Xobeh.
  1508 | D:5      | Reached skill level 8 in Long Blades
  1523 | D:5      | Found an ornate altar of the Wu Jian Council.
  1543 | D:5      | Found a staircase to the Ecumenical Temple.
  1544 | D:5      | Found a broken altar of Ashenzari.
  1598 | Temple   | Entered the Ecumenical Temple
  1692 | D:5      | Gained mutation: You passively map the area around you.
                  | [Meteoran growth]
  1692 | D:5      | Reached XP level 9. HP: 38/78 MP: 10/10
  2025 | D:6      | Noticed Prince Ribbit
  2047 | D:5      | Killed Prince Ribbit
  2048 | D:5      | Reached skill level 9 in Long Blades
  2048 | D:5      | Reached skill level 5 in Dodging
  2195 | D:6      | Noticed Blork the orc
  2215 | D:6      | Killed Blork the orc
  2221 | D:6      | Reached skill level 10 in Long Blades
  2328 | D:6      | Found a runed translucent door.
  2330 | D:6      | Noticed QuickerDeath's ghost (novice DEEE)
  2400 | D:6      | Reached XP level 10. HP: 84/88 MP: 11/11
  2566 | D:7      | Identified the +1 trident "Haatzo" {distort, Fragile rPois
                  | rF- Int+7}
  2643 | D:7      | Paralysed by a hornet for 2 turns
  2823 | D:8      | Noticed a two-headed ogre
  2831 | D:7      | Killed a two-headed ogre
  2832 | D:7      | Reached skill level 11 in Long Blades
  2832 | D:7      | Reached skill level 5 in Armour
  3691 | D:9      | Noticed a catoblepas
  3712 | D:9      | Reached XP level 11. HP: 94/99 MP: 12/12
  3746 | D:9      | Noticed a rust devil
  3758 | D:9      | Reached skill level 1 in Evocations
  3810 | D:9      | Found a stormy altar of Qazlal.
  3812 | D:10     | Entered Level 10 of the Dungeon
  3938 | D:9      | Reached skill level 10 in Fighting
  4015 | D:9      | Noticed a two-headed ogre
  4025 | D:9      | Killed a two-headed ogre
  4026 | D:9      | Reached skill level 12 in Long Blades
  4096 | D:9      | Found a transporter.
  4097 | D:9      | Noticed jujucrawl's ghost (novice TrGl)
  4097 | D:9      | Noticed a manticore
  4098 | D:9      | Found a transporter.
  4338 | D:10     | Noticed a two-headed ogre
  4502 | D:10     | Killed a two-headed ogre
  4580 | D:10     | Reached skill level 13 in Long Blades
  4910 | D:10     | Found Xoguicluoso's General Store.
  4917 | D:10     | Found a staircase to the Lair.
  4918 | D:10     | Bought a potion of mutation for 88 gold pieces
  4918 | D:10     | Bought a scroll of vulnerability for 44 gold pieces
  4918 | D:10     | Bought a potion of mutation for 88 gold pieces
  4964 | D:10     | Found Liublir's Antique Armour Boutique.
  4972 | D:10     | Bought a transparent chain mail for 275 gold pieces
  4972 | D:10     | Identified the +3 chain mail of Blue Skies {Regen+ SInv}
                  | (You bought it in a shop on level 10 of the Dungeon)
  5007 | D:10     | Found an iron altar of Okawaru.
  5010 | D:10     | Became a worshipper of Warmaster Okawaru
  5030 | D:10     | Noticed Josephine
  5044 | D:10     | HP: 2/89 [wraith[Josephine] (9)]
  5044 | D:10     | Mangled by Josephine

Illustrated notes

Levels and vault maps discovered:
D:1:      sevenhm_arrival_forest_fort_large_3, layout_basic
D:2:      layout_loops_ring, serial_shops, nicolae_shop_behind_doors, shop,
          shop, uniq_sigmund
D:3:      layout_basic, kennysheep_generic_room_13
D:4:      layout_rooms, uniq_natasha, uniq_crazy_yiuf_cottage, uniq_menkaure
D:5:      layout_basic, mainiacjoe_overflow_surrounded_room,
          nemelex_spade_bored_becter, nicolae_wu_jian_glorious_leap,
          dk_noncrumbling_4, minivault_24, nicolae_half_adder
D:6:      layout_rooms, grunt_temple_overflow_open,
          ebering_ghost_reflecting_pool, uniq_blork_the_orc, uniq_prince_ribbit1
D:7:      layout_gridville
D:8:      layout_basic, minmay_holes
D:9:      layout_loops_ring, nicolae_qazlal_style_of_elements,
          gammafunk_ghost_arena, kennysheep_generic_room_3
D:10:     layout_long_grid, kennysheep_mini_moat, lair_entry_dummy,
          serial_shops, nicolae_shop_competitors_out_of_business,
          nicolae_shop_statue_plus, uniq_josephine
D:11:     layout_basic, orc_0_dummy
Temple:   hellmonk_temple_flake

Skill      XL: |  1  2  3  4  5  6  7  8  9 10 11 |
---------------+----------------------------------+-----
Long Blades    | 3 5 6 7 8 10 11 13 | 13.5
Dodging        | 1 2 3 4 6 7 9 |  9.0
Fighting       | 4 5 6 8 9 10 | 10.0
Throwing       | 1 2 4 |  4.0
Armour         | 4 5 6 |  6.0
Shields        | 4 |  4.0
Evocations     | 4 |  4.0

Action                     |  1- 3 |  4- 6 |  7- 9 | 10-12 || total
---------------------------+-------+-------+-------+-------++-------
  Melee: Long sword        |    32 |   102 |   294 |   477 ||   905
  Throw: Dart              |       |     2 |     5 |     1 ||     8
         Boomerang         |       |       |     1 |       ||     1
  Evoke: Wand              |       |       |       |     4 ||     4
    Use: Potion            |     1 |       |     1 |     3 ||     5
         Scroll            |       |     2 |     6 |     6 ||    14
   Stab: Paralysed         |       |       |       |     5 ||     5
 Armour: Scale mail        |    10 |    22 |       |       ||    32
         Chain mail        |       |    17 |   139 |   167 ||   323
  Dodge: Dodged            |    10 |    48 |   105 |   171 ||   334
  Block: Buckler           |     4 |    20 |    91 |   147 ||   262

Table legend: (Time is in decaauts)
 A = Elapsed time spent in this place.
 B = Non-inter-level travel time spent in this place.
 C = Inter-level travel time spent in this place.
 D = Time resting spent in this place.
 E = Time spent auto-exploring this place.
 F = Levels seen in this place.
 G = Mean time per level.
                   A        B        C        D        E       F      G
               +--------+--------+--------+--------+--------+-----+--------+
         Total |   5053 |   4222 |    831 |      0 |      0 |  12 |  421.1 |
       Dungeon |   4985 |   4159 |    826 |      0 |      0 |  11 |  453.2 |
        Temple |     67 |     62 |      5 |      0 |      0 |   1 |   67.0 |
               +--------+--------+--------+--------+--------+-----+--------+

Top non-repeatable levels by time:
     D:9: 794 daAuts
     D:7: 723 daAuts
     D:5: 694 daAuts
     D:3: 670 daAuts
    D:10: 596 daAuts
     D:8: 495 daAuts
     D:6: 433 daAuts
     D:4: 407 daAuts
     D:2: 98 daAuts
     D:1: 68 daAuts
  Temple: 67 daAuts
    D:11: 3 daAuts
